 Dungeon Crawl Stone Soup version 0.29.1-13-g9f3cf754e1 (webtiles) character file.

Game seed: 7383053326062668262

25 H0rd4k the Charlatan (level 3, 0/24 HPs)
             Began as an Octopode Artificer on Jan 26, 2023.
             Slain by a scorpion (6 damage)
             ... on level 2 of the Dungeon.
             The game lasted 00:01:16 (1591 turns).

H0rd4k the Charlatan (Octopode Artificer)           Turns: 1591, Time: 00:01:16

Health: 0/24       AC:  1    Str: 11    XL:     3   Next: 6%
Magic:  5/5        EV: 14    Int: 15    God:
Gold:   32         SH:  0    Dex: 18    Spells: 5/5 levels left

rFire   . . .      SeeInvis .   (no weapon)
rCold   . . .      Faith    .   (no shield)
rNeg    . . .      Spirit   .   (helmet restricted)
rPois   .          Reflect  .   (no amulet)
rElec   .          Harm     .   f - +6 ring of dexterity
rCorr   .          Rampage  .   (no ring)
Will    .....                   (no ring)
Stlth   +++.......              (no ring)
HPRegen 0.08/turn               (no ring)
MPRegen 0.09/turn               (no ring)
                                (no ring)
                                (no ring)

@: lethally poisoned (0 -> -3)
A: almost no armour, amphibious, 8 rings, camouflage 1, gelatinous body 1,
(nimble swimmer 1), tentacles
a: no special abilities


You were on level 2 of the Dungeon.
You visited 1 branch of the dungeon, and saw 2 of its levels.

You collected 32 gold pieces.

Inventory:

Hand Weapons
 a - a +0 club
Missiles
 g - 7 stones
Jewellery
 f - a +6 ring of dexterity (left tentacle)
Wands
 b - a wand of flame (15) (quivered)
 c - a wand of charming (14)
 d - a wand of iceblast (5)
Potions
 e - a potion of degeneration {unknown}
 h - a potion of berserk rage {unknown}
 i - 2 potions of invisibility {unknown}


   Skills:
 * Level 2.1 Fighting
 - Level 2.3 Dodging
 - Level 1.3 Stealth
 * Level 1.5 Spellcasting
 - Level 3.2 Evocations


You had 5 spell levels left.
You didn't know any spells.
Your spell library contained the following spells:

 Spells                   Type           Power      Damage    Failure   Level
 Sublimation of Blood     Necr           1%         N/A       34%         2
 Wereblood                Tmut           1%         N/A       34%         2
 Summon Hydra             Summ           0%         N/A       100%        7


Dungeon Overview and Level Annotations

Branches:
Dungeon (2/15)

Altars:

Shops:
D:1 (


Innate Abilities, Weirdness & Mutations

You cannot wear most types of armour.
You are amphibious.
You can wear up to eight rings at the same time.
Your skin changes colour to match your surroundings (Stealth+).
Your rubbery body absorbs attacks. (AC +1, EV +1)
((You are camouflaged when in or above water. (Stealth+)))
You have tentacles for arms and can constrict up to eight enemies at once.


Message History

Okay, then.
(D) Dungeon
Where to? (? - help)
You see here a +0 whip.
There is a stone staircase leading down here.
You climb downwards.
Found a dagger.
There is a stone staircase leading up here.
A frilled lizard is nearby!
A frilled lizard is nearby!
A frilled lizard is nearby!
The helpless frilled lizard fails to defend itself.
You tentacle-slap the frilled lizard.
You kill the frilled lizard!
No target in view!
No target in view!
You see here a frilled lizard corpse.
Found a stone staircase leading up.
A worm and a scorpion come into view.
The helpless scorpion fails to defend itself.
You tentacle-slap the scorpion but do no damage.
You grab the scorpion. You constrict the scorpion. The scorpion stings you!
You are poisoned.
The scorpion poisons you!
You tentacle-slap the scorpion but do no damage.
The scorpion is lightly wounded.
You constrict the scorpion.
You feel sick. The scorpion stings you.
You barely miss the scorpion. You squeeze the scorpion.
The scorpion is heavily wounded.
You constrict the scorpion, but do no damage.
You feel sick. The scorpion closely misses you.
You completely miss the scorpion.
The scorpion is heavily wounded.
You constrict the scorpion.
You feel sick. The scorpion stings you.
* * * LOW HITPOINT WARNING * * *
The scorpion completely misses you.
You tentacle-slap the scorpion but do no damage.
The scorpion is heavily wounded.
You constrict the scorpion.
You feel sick. The scorpion stings you.
You die...

#..# #..# #<.#
#..#####
##......####
#........†<#
###..######..#
#....# #).#
#.#@## #..#
#....s...#
#..#
#.#.#.##.#
#..# .. #.#.#
# #..# . . ...
...# #. #.. #
###


You could see a scorpion.

Vanquished Creatures
  2 endoplasms (D:1)
  2 giant cockroaches (D:1)
  A goblin (D:1)
  2 hobgoblins (D:1)
  6 jackals (D:1)
  A kobold (D:1)
  A quokka (D:1)
  3 bats (D:1)
  2 frilled lizards
  A rat (D:1)
21 creatures vanquished.

Notes
Turn   | Place    | Note
-------+----------+-------------------------------------------
     0 | D:1      | H0rd4k the Octopode Artificer began the quest for the Orb.
     0 | D:1      | Reached XP level 1. HP: 13/13 MP: 1/1
   183 | D:1      | Found Wualleur's Antique Weapon Boutique.
   267 | D:1      | Reached XP level 2. HP: 2/18 MP: 1/3
   477 | D:1      | Reached skill level 1 in Spellcasting
   949 | D:1      | Found a faded altar of an unknown god.
  1091 | D:1      | Reached XP level 3. HP: 2/24 MP: 5/5
  1582 | D:2      | Noticed a scorpion
  1591 | D:2      | Slain by a scorpion

Illustrated notes

Levels and vault maps discovered:
D:1:      dpeg_arrival_rooms_with_view, layout_basic,
          chequers_ecumenical_altar_grove, serial_shops, nicolae_shop_crystal
D:2:      layout_loops_ring, nrook_campfire

Skill      XL: |  1  2 |
---------------+-------+-----
Spellcasting   | 1 |  1.5
Fighting       | 2 |  2.1
Dodging        | |  2.3
Stealth        | |  1.3
Evocations     | |  3.2

Action                   || total
-------------------------++-------
Melee: Unarmed           ||    72
       Constrict         ||    17
       Tentacles         ||    20
Evoke: Wand              ||     1
 Stab: Sleeping          ||     9
Armor: Skin              ||     6
Dodge: Dodged            ||    42
